 Dungeon Crawl Stone Soup version 0.24.0 (webtiles) character file.

Game seed: 431740174406754129, levelgen mode: deterministic

429 Ayyar the Cudgeler (level 6, 0/48 HPs)
             Began as a Demonspawn Berserker on Mar 25, 2020.
             Was a Priest of Trog.
             Slain by a hound (4 damage)
             ... on level 4 of the Dungeon.
             The game lasted 00:14:30 (4501 turns).

Ayyar the Cudgeler (Demonspawn Berserker)           Turns: 4501, Time: 00:14:30

Health: 0/48       AC:  3    Str: 18 (19) XL:     6   Next: 66%
Magic:  15/15      EV: 13    Int:  8      God:    Trog [***...]
Gold:   140        SH:  0    Dex: 15      Spells: 5/5 levels left

rFire    . . .     SeeInvis .   n - +0 flail
rCold    . . .     Gourm    .   (no shield)
rNeg     . . .     Faith    .   b - +0 animal skin
rPois    +         Spirit   .   (helmet restricted)
rElec    .         Reflect  .   (no cloak)
rCorr    .         Harm     .   g - +0 pair of gloves
MR       .....                  (no boots)
Stlth    ++........             (no amulet)
HPRegen  0.16/turn              e - ring of magical power
MPRegen  0.14/turn              i - ring of poison resistance

@: no status effects
A: antennae 2, thin skeletal structure 1, demonic guardian 1
a: Berserk, Trog's Hand, Renounce Religion


You were on level 4 of the Dungeon.
You worshipped Trog.
Trog was most pleased with you.
You were not hungry.

You visited 1 branch of the dungeon, and saw 4 of its levels.

You collected 140 gold pieces.

Inventory:

Hand Weapons
 n - a +0 flail (weapon)
Missiles
 d - 3 boomerangs (quivered)
Armour
 b - a +0 animal skin (worn)
 g - a +0 pair of gloves (worn)
Jewellery
 e - a ring of magical power (left hand)
 i - a ring of poison resistance (right hand)
Scrolls
 a - a scroll of identify {unknown}
 f - 3 scrolls of fear {unknown}
 h - 5 scrolls of remove curse {unknown}
 j - 3 scrolls of teleportation {unknown}
 m - a scroll of immolation {unknown}
Potions
 k - a potion of magic {unknown}
 l - a potion of brilliance
Comestibles
 c - 5 rations


   Skills:
 + Level 4.3 Fighting
 * Level 4.7 Maces & Flails
 + Level 3.3 Armour
 + Level 3.3 Dodging


You had 5 spell levels left.
You didn't know any spells.
Your spell library was empty.

Dungeon Overview and Level Annotations

Branches:
Dungeon (4/15)
 Temple: D:4-7

Altars:
Nemelex Xobeh
Wu Jian


Innate Abilities, Weirdness & Mutations

You have a pair of antennae on your head.
You have a somewhat thin skeletal structure. (Dex +2, Stealth)
A weak demonic guardian rushes to your aid.


Message History

The ogre dies!
Trog accepts your kill.
You closely miss the hound. The hound barely misses you.
Your white imp misses the hound.
The phantom hits your iron imp. The hound completely misses you.
You barely miss the hound.
Your white imp gestures at the hound.
The puff of frost hits the hound.
The hound bites you.
* * * LOW HITPOINT WARNING * * *
Your white imp hits the hound.
Your white imp freezes the hound.
The ball python bites your iron imp but does no damage.
The ball python grabs your iron imp.
The ball python constricts your iron imp.
Your iron imp hits the phantom!
You hit the hound but do no damage.
The hound is heavily wounded.
The hound bites you but does no damage.
The phantom hits your iron imp but does no damage.
The hound bites you.
You die...

#............#.........
#.....................
##...........##......
#.......$...##.....
#.......)....#..S.
###..........#... S#
................##.#
+##..........##.#S.####..
#...†......@h55W.......
#......................
#.).†.......$......#...
#..................# ..
............#####.#### .
####.......## #$#
.....##### ..# #..... ...
#..... #


You could see a phantom, a hound, a ball python, a friendly iron imp and a
friendly white imp.

Vanquished Creatures
  A centaur (D:3)
  A bullfrog (D:4)
  A crimson imp (D:3)
  An orc priest (D:4)
  A gnoll (D:2)
  6 adders
  An ooze (D:3)
  A worm (D:2)
  2 dart slugs
  4 leopard geckos
  2 orcs
  2 ball pythons
  7 giant cockroaches
  10 goblins
  8 hobgoblins
  3 jackals
  10 kobolds
  2 quokkas
  7 bats
  4 frilled lizards
  11 rats
85 creatures vanquished.

Vanquished Creatures (collateral kills)
  2 ogres
  An orc priest (D:4)
  2 gnolls (D:2)
  An orc (D:4)
  A goblin (D:3)
  A jackal (D:4)
8 creatures vanquished.

Grand Total: 93 creatures vanquished

Notes
Turn   | Place    | Note
-------+----------+-------------------------------------------
     0 | D:1      | Ayyar the Demonspawn Berserker began the quest for the Orb.
     0 | D:1      | Reached XP level 1. HP: 18/18 MP: 1/1
   256 | D:1      | Gained mutation: You have a pair of small antennae on your
                  | head. [demonic ancestry]
   256 | D:1      | Reached XP level 2. HP: 23/24 MP: 2/2
   742 | D:1      | Gained mutation: You have a somewhat thin skeletal
                  | structure. (Dex +2, Stealth) [demonic ancestry]
   742 | D:1      | Reached XP level 3. HP: 29/29 MP: 3/3
   942 | D:2      | HP: 1/29 [poisoned by an adder]
  1437 | D:2      | Reached ** piety under Trog
  1638 | D:2      | Gained mutation: A weak demonic guardian rushes to your
                  | aid. [demonic ancestry]
  1638 | D:2      | Reached XP level 4. HP: 18/35 MP: 4/4
  2994 | D:3      | Noticed an ogre
  3008 | D:3      | Killed an ogre
  3008 | D:3      | Gained mutation: You have a pair of antennae on your head.
                  | [demonic ancestry]
  3008 | D:3      | Reached XP level 5. HP: 42/42 MP: 5/5
  3310 | D:3      | Noticed a centaur
  3532 | D:4      | HP: 2/42 [orc priest/+0 dagger (2)]
  3835 | D:3      | Killed a centaur
  3835 | D:3      | Reached XP level 6. HP: 5/48 MP: 6/6
  4140 | D:3      | Found an ornate altar of the Wu Jian Council.
  4240 | D:3      | Found a sparkling altar of Nemelex Xobeh.
  4249 | D:3      | Reached *** piety under Trog
  4501 | D:4      | Slain by a hound

Levels and vault maps discovered:
D:1:      saegor_arrival_miasma, layout_basic
D:2:      layout_basic, hangedman_abyss_or_decor_lesser_grid
D:3:      layout_loops_cross, nicolae_overflow_crystal_walls,
          lemuel_coloured_pillars_altar
D:4:      layout_rooms, grunt_dithmenos_shadows, first_ration, uniq_eustachio,
          uniq_duvessa
